 Dungeon Crawl Stone Soup version 0.29-a0-289-g2178c42546 (webtiles) character file.

Game seed: 2846431542069810175

20059 conein the Nimble (level 13, -4/97 HPs)
             Began as a Djinni Ice Elementalist on Mar 17, 2022.
             Was a High Priest of Fedhas.
             Slain by a bog body (29 damage)
             ... on level 3 of the Lair of Beasts.
             The game lasted 00:46:40 (20876 turns).

conein the Nimble (Djinni Ice Elementalist)        Turns: 20876, Time: 00:46:40

Health: -4/97      AC: 10    Str:  7    XL:     13   Next: 9%
Gold:   791        EV: 16    Int: 23    God:    Fedhas [*****.] SH:  0 Dex: 13

rFire   + + .      SeeInvis .   f - +0 hand axe (elec)
rCold   . . .      Faith    .   (no shield)
rNeg    . . .      Spirit   .   E - +0 troll leather armour
rPois   ∞          Reflect  .   (no helmet)
rElec   .          Harm     .   L - +0 cloak
rCorr   .          Rampage  .   O - +0 pair of gloves
Will    +....                   (boots unavailable)
Stlth   +++.......              (no amulet)
HPRegen 1.06/turn               s - ring of protection from cold
MPRegen 0.00/turn               v - +4 ring of protection

@: about to teleport, flying, studying Crossbows
A: sickness immunity, fire resistance 2, cold vulnerability 1, float, innate
caster, HP casting, extra vitality 1
a: Renounce Religion, Wall of Briars, Grow Ballistomycete, Overgrow, Grow Oklob


You were on level 3 of the Lair of Beasts.
You worshipped Fedhas.
Fedhas was extremely pleased with you.
You visited 3 branches of the dungeon, and saw 15 of its levels.
You also visited: Bailey and Ice Cave.

You collected 791 gold pieces.

Inventory:

Hand Weapons
 f - a +0 hand axe of electrocution (weapon)
 t - a +3 trident
 I - the +8 war axe of Death's Door {freeze, Dex+4}
   (You found it on level 11 of the Dungeon)

   It freezes those it strikes, dealing additional cold damage.
   It can also slow down cold-blooded creatures.
   Dex:       It affects your dexterity (+4).
Missiles
 n - 7 atropa-tipped darts
 w - 3 boomerangs of dispersal
 x - 36 poisoned darts
Armour
 E - a +0 troll leather armour (worn)
 L - a +0 cloak (worn)
 O - a +0 pair of gloves (worn)
Jewellery
 o - a ring of positive energy
 q - a ring of fire
 s - a ring of protection from cold (left hand)
 v - a +4 ring of protection (right hand)
 B - a ring of see invisible
Wands
 y - a wand of mindburst (14)
 G - a wand of paralysis (7)
 K - a wand of polymorph (3)
 N - a wand of acid (4)
Scrolls
 a - a scroll of holy word {unknown}
 d - a scroll of acquirement {unknown}
 h - 4 scrolls of vulnerability {unknown}
 k - 3 scrolls of enchant weapon
 l - 2 scrolls of amnesia
 A - a scroll of torment
 C - 2 scrolls of magic mapping {unknown}
 F - a scroll of fog {unknown}
 J - a scroll of enchant armour
 M - a scroll of summoning
 P - a scroll of immolation {unknown}
 Q - a scroll of brand weapon {unknown}
Potions
 c - a potion of ambrosia
 e - 2 potions of invisibility
 g - 2 potions of heal wounds
 i - a potion of berserk rage
 j - 6 potions of might {unknown}
 m - 9 potions of curing
 p - a potion of flight
 r - 3 potions of mutation
 u - 4 potions of lignification
 z - a potion of attraction {unknown}
 D - a potion of haste
 H - 2 potions of degeneration


   Skills:
 + Level 10.3 Fighting
 + Level 11.7 Dodging
 - Level 7.3 Stealth
 + Level 8.8 Spellcasting
 + Level 7.0 Invocations


You couldn't memorise any spells.
You knew the following spells:

 Your Spells              Type           Power      Damage    Failure   Level
a - Vampiric Draining     Necr           50%        2d9       1%          3
b - Frozen Ramparts       Ice            100%       1d12      1%          3
c - Ozocubu's Armour      Ice            50%        N/A       1%          3
d - Hailstorm             Conj/Ice       50%        3d11      2%          4
e - Freeze                Ice            100%       1d11      1%          1
f - Ensorcelled Hibernat  Hex/Ice        100%       N/A       1%          2
g - Call Canine Familiar  Summ           50%        N/A       1%          3
h - Apportation           Tloc           100%       N/A       1%          1
i - Iskenderun's Battles  Conj           50%        2d10      7%          5
j - Freezing Cloud        Conj/Ice/Air   25%        6-21      7%          5
Your spell library was empty.

Dungeon Overview and Level Annotations

Branches:
Dungeon (11/15)            Temple (1/1) D:5            Lair (3/6) D:11
  Swamp (0/4) Lair:3       Spider (0/4) Lair:3       Bailey (visited)
  IceCv (visited)
    Orc: D:9-12

Altars:
Ashenzari
Cheibriados
Dithmenos
Elyvilon
Fedhas
Gozag
Hepliaklqana
Kikubaaqudgha
Makhleb
Nemelex Xobeh
Okawaru
Ru
Sif Muna
Trog
Uskayaw
Vehumet
Wu Jian
Xom
Yredelemnul
Zin
The Shining One

Shops:
D:8 (

Annotations:
D:4 1 exclusion
D:10 2 transporters, Gastronok; mrw0lf's ghost, journeyman TrBe
D:11 exclusions: plant, ugly thing and 2 more exclusions
Lair:1 2 exclusions
Lair:2 exclusion: boulder beetle


Innate Abilities, Weirdness & Mutations

You are immune to sickness and miasma.
You are immune to poison.
Your flesh is very heat resistant. (rF++)
You are vulnerable to cold. (rC-)
You float through the air rather than walking.
You learn spells naturally, not from books.
Your magical power is your life essence.
You have superior vitality. (+4 MHP)


Message History

Okay, then.
Casting: Vampiric Draining (safe; 1% risk of failure)
Confirm with . or Enter, or press ? or * to list all spells.
The bog body resists.
The wall freezes the bog body.
The bog body touches you! The bog body freezes you!!
Your frozen ramparts will break if you move.
Continue?
The frozen ramparts melt away as you move.
Your wolf barely misses the bog body.
Your wolf closely misses the bog body.
The bog body gestures at you while chanting.
The bolt of cold hits your wolf!!
Your wolf dies!
Your wolf's corpse disappears in a puff of smoke!
The bolt of cold misses you.
Casting: Call Canine Familiar (safe; 1% risk of failure)
Confirm with . or Enter, or press ? or * to list all spells.
The bog body gestures at you while chanting.
The bolt of cold hits you!!
* * * LOW HITPOINT WARNING * * *
You feel better. The bog body attacks as you move away!
The bog body touches you.
* * * LOW HITPOINT WARNING * * *
The bog body freezes you!!
* * * LOW HITPOINT WARNING * * *
Your wolf barely misses the bog body.
Your wolf bites the bog body.
The bog body barely misses your wolf.
You feel much better.
Your wolf bites the bog body.
Your wolf closely misses the bog body.
Okay, then.
As you read the scroll of teleportation, it crumbles to dust.
You feel strangely unstable.
Your wolf bites the bog body.
The bog body touches you.
* * * LOW HITPOINT WARNING * * *
The bog body freezes you!!
* * * LOW HITPOINT WARNING * * *
You feel much better.
Your wolf barely misses the bog body.
Your wolf bites the bog body!
The bog body touches you.
* * * LOW HITPOINT WARNING * * *
The bog body freezes you!!
You die...
Fedhas appreciates your contribution to the ecosystem.

#.P.P#....................#
## #...###....##.....#
....... .. #.....
#...#####.. ##.. ..
##...P###...###.. .. #...##
#....#.# .. #>..#
##..#..### ## ##....#.# ##
##.....# ##. ##..@.## #.#
#..n..### ### ###nh#..# #
##....# ##### ## #......#
#.#.###P #........##......
......... ##..... .§♣§§...#
#..... .≈§♣≈≈..## ######


You could see 2 bog bodies and a friendly wolf (summoned).

Vanquished Creatures
  2 two-headed ogres
  A death yak (D:11)
  Pikel (D:5)
  Joseph (D:8)
  9 elephants (Lair:2)
  A torpor snail (Lair:3)
  3 cane toads
  4 komodo dragons
  3 trolls
  3 polar bears (Lair:3)
  Prince Ribbit (Bailey)
  A shadow (D:11)
  4 humans (Bailey)
  A wraith (D:11)
  3 wyverns
  21 yaks
  A steam dragon (D:9)
  4 water moccasins
  4 orc warriors
  A sky beast (D:5)
  An ice beast (D:5)
  8 black bears
  An ogre (D:4)
  10 wolves
  4 lemures (D:5)
  A kobold brigand (D:6)
  16 bullfrogs
  A gnoll sergeant (D:9)
  2 necrophages (D:4)
  6 scorpions
  4 wights (D:7)
  3 killer bees (D:9)
  4 electric eels (D:11)
  A howler monkey (D:9)
  6 hounds
  4 jellies
  A gnoll shaman (D:6)
  6 orc priests
  Terence (D:2)
  3 iguanas
  15 orc wizards
  9 gnolls
  4 adders
  12 white imps (Lair:2)
  3 worms
  3 dart slugs
  36 orcs
  5 endoplasms
  6 giant cockroaches
  13 goblins
  13 hobgoblins
  4 jackals (D:1)
  8 kobolds
  2 quokkas (D:1)
  6 ball pythons
  4 bats
  6 frilled lizards
  7 rats
308 creatures vanquished.

Vanquished Creatures (collateral kills)
  A shadow (D:9)
  A yak (D:11)
  Menkaure (D:6)
  A phantom (D:7)
  A giant cockroach (D:4)
  4 ballistomycete spores (Lair:2)
9 creatures vanquished.

Vanquished Creatures (others)
  An orc (D:8)
  8 fungi
  25 plants
34 creatures vanquished.

Grand Total: 351 creatures vanquished

Notes
Turn   | Place    | Note
-------+----------+-------------------------------------------
     0 | D:1      | conein the Djinni Ice Elementalist began the quest for the
                  | Orb.
     0 | D:1      | Reached XP level 1. HP: 15/15 MP: 0/0
   361 | D:1      | Reached XP level 2. HP: 18/21 MP: 0/0
  1008 | D:1      | Reached XP level 3. HP: 24/25 MP: 0/0
  1008 | D:1      | Learned a level 1 spell: Apportation
  2119 | D:2      | Noticed Terence
  2397 | D:2      | Reached skill level 3 in Dodging
  2950 | D:3      | Reached XP level 4. HP: 25/31 MP: 0/0
  3593 | D:4      | Noticed a scorpion
  3605 | D:4      | Killed a scorpion
  3606 | D:4      | Reached skill level 1 in Fighting
  3606 | D:4      | Reached XP level 5. HP: 20/37 MP: 0/0
  3606 | D:4      | Learned a level 2 spell: Ensorcelled Hibernation
  3951 | D:4      | Reached XP level 6. HP: 38/43 MP: 0/0
  4208 | D:4      | Reached skill level 4 in Dodging
  4299 | D:4      | Noticed an ogre
  5394 | D:3      | Reached XP level 7. HP: 32/49 MP: 0/0
  5394 | D:3      | Learned a level 3 spell: Call Canine Familiar
  6191 | D:5      | Entered Level 5 of the Dungeon
  6191 | D:5      | Found a staircase to the Ecumenical Temple.
  6220 | Temple   | Entered the Ecumenical Temple
  6301 | Temple   | Became a worshipper of Fedhas Madash
  6817 | D:5      | Reached skill level 5 in Dodging
  7558 | D:5      | Reached XP level 8. HP: 37/56 MP: 0/0
  8032 | D:5      | Noticed Pikel
  8042 | D:5      | Killed Pikel
  8043 | D:5      | Reached skill level 5 in Spellcasting
  8200 | D:5      | Reached skill level 6 in Dodging
  8905 | D:5      | Reached skill level 5 in Stealth
  8905 | D:5      | Reached XP level 9. HP: 34/63 MP: 0/0
  8905 | D:5      | Learned a level 3 spell: Vampiric Draining
  9370 | D:6      | Reached skill level 5 in Fighting
  9417 | D:6      | Reached * piety under Fedhas
  9528 | D:6      | Noticed Menkaure
 10527 | D:7      | Reached skill level 7 in Dodging
 11210 | D:8      | Reached XP level 10. HP: 46/72 MP: 0/0
 11417 | D:8      | Reached ** piety under Fedhas
 11494 | D:8      | Found a flagged portal.
 11627 | Bailey   | Entered a bailey
 11654 | Bailey   | Reached skill level 8 in Dodging
 11949 | Bailey   | Noticed Prince Ribbit
 11957 | Bailey   | Killed Prince Ribbit
 12053 | Bailey   | Noticed a vault guard
 12669 | D:8      | Noticed Joseph
 13153 | D:8      | Noticed a two-headed ogre
 13233 | D:9      | Noticed a two-headed ogre
 13248 | D:9      | Reached *** piety under Fedhas
 13451 | D:8      | Killed Joseph
 13816 | D:8      | Found Innun's Weapon Boutique.
 14570 | D:9      | Reached skill level 9 in Dodging
 14570 | D:9      | Reached skill level 1 in Invocations
 14570 | D:9      | Reached XP level 11. HP: 55/79 MP: 0/0
 14570 | D:9      | Learned a level 5 spell: Iskenderun's Battlesphere
 14991 | D:2      | Killed Terence
 15536 | D:6      | Killed Menkaure
 16392 | D:9      | Killed a two-headed ogre
 16825 | D:10     | Entered Level 10 of the Dungeon
 17038 | D:10     | Noticed a moth of wrath
 17046 | D:10     | Noticed a six-headed hydra
 17046 | D:10     | Noticed mrw0lf's ghost (journeyman TrBe)
 17058 | D:10     | Found a transporter.
 17066 | D:10     | Noticed Gastronok
 17082 | D:10     | Found a transporter.
 17088 | D:10     | Noticed a wolf spider
 17335 | D:10     | Noticed a two-headed ogre
 17503 | D:10     | Killed a two-headed ogre
 17662 | D:11     | Reached skill level 10 in Dodging
 17774 | D:11     | Found a staircase to the Lair.
 17804 | D:11     | Reached **** piety under Fedhas
 17861 | D:11     | Identified the +8 war axe of Death's Door {freeze, Dex+4}
 17880 | D:11     | Noticed a manticore
 18245 | D:11     | Noticed a brown ugly thing
 18294 | Lair:1   | Entered Level 1 of the Lair of Beasts
 18383 | Lair:1   | Noticed a death yak
 18383 | Lair:1   | Noticed a death yak
 18383 | Lair:1   | Noticed a death yak
 18402 | Lair:1   | Noticed a death yak
 18404 | Lair:1   | Noticed a death yak
 18405 | Lair:1   | Noticed a death yak
 18457 | D:11     | Killed a death yak
 18458 | D:11     | Reached XP level 12. HP: 64/88 MP: 0/0
 18625 | Lair:1   | Identified the +1 ring mail of Darkness {Harm Stlth+}
 18908 | Lair:2   | Reached skill level 5 in Invocations
 18943 | Lair:2   | Found a frozen archway.
 18974 | IceCv    | Entered an ice cave
 19273 | Lair:2   | Reached skill level 11 in Dodging
 19399 | Lair:2   | Noticed a boulder beetle
 20155 | Lair:3   | Reached ***** piety under Fedhas
 20274 | Lair:3   | Reached skill level 10 in Fighting
 20589 | Lair:3   | Reached XP level 13. HP: 80/96 MP: 0/0
 20589 | Lair:3   | Learned a level 5 spell: Freezing Cloud
 20793 | Lair:3   | Found a hole to the Spider Nest.
 20862 | Lair:3   | Found a staircase to the Swamp.
 20873 | Lair:3   | HP: 1/97 [bog body (18)]
 20876 | Lair:3   | Slain by a bog body

Illustrated notes

Levels and vault maps discovered:
D:1:      giann_bridges, layout_loops_corners, minmay_misc_feat_secret_circle
D:2:      layout_basic, uniq_terence
D:3:      layout_rooms, chequers_serial_rivers_room_b
D:4:      layout_loops_cross
D:5:      layout_basic, minmay_temple_entry_crystal_x, serial_corexii_hall,
          corexii_hall_statues_deadend, corexii_hall_statues_i, st_stairs_7,
          uniq_pikel
D:6:      layout_layer_cave, uniq_menkaure
D:7:      layout_cave_pools, lemuel_flame_loot_1
D:8:      layout_gridville, enter_bailey_3, serial_shops,
          nicolae_shop_bloodbath_and_beyond, uniq_joseph
D:9:      layout_basic
D:10:     layout_roguey, nicolae_qazlal_eye_of_the_storm, serial_rivers,
          chequers_serial_rivers_large_b, chequers_serial_rivers_micro_e,
          chequers_serial_rivers_small_b, chequers_serial_rivers_marsh,
          chequers_serial_rivers_micro_c, chequers_serial_rivers_micro_a,
          gammafunk_ghost_berserking_beasts,
          nicolae_concentric_dashed_squares_wild, uniq_gastronok
D:11:     layout_roguey, erik_lair_island, serial_bayou, serial_bayou_lagoon_b,
          serial_bayou_pond_b, serial_bayou_pond_d, serial_bayou_ford_a,
          grunt_dithmenos_smoke_and_mirrors
Temple:   kilobyte_greek_temple
Lair:1:   layout_roguey
Lair:2:   layout_chaotic_city, portal_ice_cave_entry_imps
Lair:3:   beast_lair_carwin_large_1, layout_concentric_octagons,
          skrybe_swamp_entry_bodies, nicolae_spider_entry_non_spiders,
          minmay_holes, lemuel_fruit_tree

Skill      XL: |  1  2  3  4  5  6  7  8  9 10 11 12 13 |
---------------+----------------------------------------+-----
Stealth        | 2 3 4 5 6 7 |  7.3
Dodging        | 3 4 5 6 7 9 10 11 | 11.7
Fighting       | 1 2 3 4 6 7 8 10 | 10.3
Spellcasting   | 4 5 6 7 8 |  8.8
Invocations    | 1 4 6 7 |  7.0

Action                   |  1- 3 |  4- 6 |  7- 9 | 10-12 | 13-15 || total
-------------------------+-------+-------+-------+-------+-------++-------
Melee: Unarmed           |     8 |     4 |    11 |       |       ||    23
       Trident           |       |       |    11 |       |       ||    11
       Punch             |       |       |     1 |     4 |     1 ||     6
       Hand axe          |       |       |    43 |   222 |    11 ||   276
 Cast: Freeze            |    62 |    87 |    96 |   136 |       ||   381
       Ozocubu's Armour  |     1 |     6 |    13 |    27 |     2 ||    49
       Frozen Ramparts   |       |     3 |    19 |    49 |     4 ||    75
       Call Canine Famil |       |       |    12 |    17 |     2 ||    31
       Hailstorm         |       |       |     4 |    27 |       ||    31
       Ensorcelled Hiber |       |       |       |    16 |       ||    16
       Vampiric Draining |       |       |       |    85 |    15 ||   100
       Iskenderun's Batt |       |       |       |     1 |       ||     1
Invok: Grow Ballistomyce |       |       |       |     1 |       ||     1
  Use: Scroll            |     1 |     1 |     6 |    10 |     1 ||    19
       Potion            |       |     1 |     1 |     1 |     3 ||     6
 Stab: Sleeping          |       |       |     1 |     3 |     2 ||     6
Armor: Robe              |     5 |    19 |    25 |    28 |       ||    77
       Troll leather arm |       |       |       |   135 |     7 ||   142
Dodge: Dodged            |    26 |    43 |   114 |   375 |    29 ||   587

Table legend: (Time is in decaauts)
 A = Elapsed time spent in this place.
 B = Non-inter-level travel time spent in this place.
 C = Inter-level travel time spent in this place.
 D = Time resting spent in this place.
 E = Time spent auto-exploring this place.
 F = Levels seen in this place.
 G = Mean time per level.
                   A        B        C        D        E       F      G
               +--------+--------+--------+--------+--------+-----+--------+
         Total |  21021 |  19853 |   1168 |   6405 |   9457 |  17 | 1236.5 |
       Dungeon |  17366 |  16287 |   1079 |   5474 |   7752 |  11 | 1578.7 |
        Temple |    123 |     83 |     40 |      0 |      0 |   1 |  123.0 |
          Lair |   2567 |   2519 |     48 |    130 |   1680 |   3 |  855.7 |
        Bailey |    962 |    962 |      0 |    801 |     25 |   1 |  962.0 |
      Ice Cave |      2 |      2 |      0 |      0 |      0 |   1 |    2.0 |
               +--------+--------+--------+--------+--------+-----+--------+

Top non-repeatable levels by time:
     D:4: 2610 daAuts
     D:5: 2406 daAuts
     D:8: 2240 daAuts
     D:1: 1775 daAuts
     D:6: 1591 daAuts
     D:2: 1444 daAuts
     D:3: 1428 daAuts
     D:7: 1394 daAuts
  Lair:2: 1247 daAuts
  Bailey: 962 daAuts
     D:9: 925 daAuts
    D:10: 793 daAuts
  Lair:3: 765 daAuts
    D:11: 757 daAuts
  Lair:1: 553 daAuts
